 Dungeon Crawl Stone Soup version 0.27.0-1-g7a089689b8 (webtiles) character file.

Game seed: 9899676035708545198

9 Demosthentine the Poker (level 2, 0/23 HPs)
             Began as a Merfolk Gladiator on Aug 1, 2021.
             Succumbed to a kobold's poison
             ... on level 1 of the Dungeon.
             The game lasted 00:00:19 (135 turns).

Demosthentine the Poker (Merfolk Gladiator)          Turns: 135, Time: 00:00:19

Health: 0/23       AC:  4    Str: 14    XL:     2   Next: 12%
Magic:  2/2        EV: 13    Int:  7    God:
Gold:   7          SH:  0    Dex: 15    Spells: 1/1 levels left

rFire    . . .     SeeInvis .   a - +0 trident
rCold    . . .     Faith    .   (no shield)
rNeg     . . .     Spirit   .   b - +0 leather armour
rPois    .         Reflect  .   c - +0 helmet
rElec    .         Harm     .   (no cloak)
rCorr    .         Rampage  .   (no gloves)
Will     .....                  (no boots)
Stlth    +.........             (no amulet)
HPRegen  0.07/turn              (no ring)
MPRegen  0.08/turn              (no ring)

@: lethally poisoned (0 -> -7)
A: (nimble swimmer 2), mertail
a: no special abilities


You were on level 1 of the Dungeon.
You visited 1 branch of the dungeon, and saw 1 of its levels.

You collected 7 gold pieces.

Inventory:

Hand Weapons
 a - a +0 trident (weapon)
Missiles
 d - 3 throwing nets (quivered)
Armour
 b - a +0 leather armour (worn)
 c - a +0 helmet (worn)
Scrolls
 e - a scroll of silence {unknown}
 f - a scroll of enchant armour {unknown}
Potions
 g - a potion of magic


   Skills:
 + Level 2.4 Fighting
 + Level 4.6 Polearms
 - Level 2.0 Throwing
 + Level 0.3 Armour
 + Level 4.2 Dodging


You had one spell level left.
You didn't know any spells.
Your spell library was empty.

Dungeon Overview and Level Annotations

Branches:
Dungeon (1/15)

Altars:


Innate Abilities, Weirdness & Mutations

((You are quick and stealthy near water. (Stealth+, EV+, Speed+++)))
Your lower body shifts to a powerful aquatic tail in water.


Message History

The kobold barely misses you. The rat bites you but does no damage.
There are monsters nearby!
You closely miss the kobold.
The kobold is severely wounded.
You feel sick.
The kobold hits you with a +1 short sword of venom.
The rat barely misses you.
There are monsters nearby!
You closely miss the kobold.
The kobold is severely wounded.
You feel sick. The kobold hits you but does no damage.
The rat closely misses you.
You closely miss the kobold.
The kobold is severely wounded.
You feel sick. The kobold completely misses you. The rat closely misses you.
You are too injured to fight recklessly!
Unknown command.
You closely miss the kobold.
The kobold is severely wounded.
You feel sick. The kobold closely misses you. The rat barely misses you.
Unknown command.
You closely miss the kobold.
The kobold is severely wounded.
You feel sick.
The kobold hits you with a +1 short sword of venom.
You are lethally poisoned!
The rat closely misses you.
Unknown command.
It was a potion of magic.
Magic courses through your body.
* * * LOW HITPOINT WARNING * * *
You feel very sick. The kobold hits you but does no damage.
The rat closely misses you.
Unknown command.
You closely miss the kobold.
The kobold is severely wounded.
* * * LOW HITPOINT WARNING * * *
You feel sick. The kobold barely misses you. The rat closely misses you.
You hit the kobold.
You kill the kobold!
You die...

##....... # #.......#
# .....#..### #.
#.........# ## #
##.##.......#.# ..##
.^...#..##.#.# ..
#..#.....#.# #.##
#........#.####...
#@##..#..)....####
#...†)r#.......##.####
##.....##.#..####..†..
#........#...........
#....>####.##.##.....
#.....# #.##.##.###.
####### #.. ...# #.
### .#### #. # #.


You could see a rat.

Vanquished Creatures
  An endoplasm (D:1)
  2 goblins (D:1)
  A hobgoblin (D:1)
  A kobold (D:1)
  A quokka (D:1)
  2 ball pythons (D:1)
  A rat (D:1)
9 creatures vanquished.

Notes
Turn   | Place    | Note
-------+----------+-------------------------------------------
     0 | D:1      | Demosthentine the Merfolk Gladiator began the quest for the
                  | Orb.
     0 | D:1      | Reached XP level 1. HP: 16/16 MP: 1/1
   105 | D:1      | Reached XP level 2. HP: 23/23 MP: 2/2
   135 | D:1      | Succumbed to a kobold's poison

Illustrated notes

Levels and vault maps discovered:
D:1:      onia_arrival_handbag, layout_loops_cross,
          shapermc_ecumenical_altar_flowoftime, kennysheep_flooded_box,
          chequers_serial_rivers_small_b

Action                   || total
-------------------------++-------
Melee: Trident           ||    25
  Use: Potion            ||     1
 Stab: Sleeping          ||     2
Armor: Leather armour    ||     5
Dodge: Dodged            ||    23
